 Dungeon Sprint DCSS version 0.21-a0-274-gc1afaeb (webtiles) character file.

8554 potatolord6000 the Severer (level 11, 0/111 HPs)
             Began as a Hill Orc Fighter on Sept 19, 2017.
             Was the Champion of Beogh.
             Slain by an ice devil (4 damage)
             ... in the Dungeon (Sprint VII: "The Pits").
             The game lasted 00:04:45 (970 turns).

potatolord6000 the Severer (Hill Orc Fighter)        Turns: 970, Time: 00:04:46

Health: 0/111      AC: 20    Str: 23    XL:     11   Next: 32%
Magic:  15/22      EV:  2    Int: 11    God:    Beogh [******]
Gold:   0          SH:  0    Dex: 10    Spells: 10/10 levels left

rFire    . . .     SeeInvis .   u - +1 broad axe (freeze)
rCold    . . .     Gourm    .   c - +0 shield
rNeg     + + +     Faith    .   r - +3 chain mail
rPois    ∞         Spirit   .   (no helmet)
rElec    .         Reflect  .   a - +0 cloak
rCorr    .         Harm     .   (no gloves)
MR       .....     NoTele   +   (no boots)
Stlth    ..........             (no amulet)
HPRegen  0.28/turn              b - +3 ring of protection
MPRegen  0.18/turn              s - +3 ring of intelligence

@: petrified
A: walk on water
a: Smiting, Recall Orcish Followers, Give Item to Named Follower, Resurrection,
Renounce Religion


You were in the Dungeon.
You worshipped Beogh.
Beogh was exalted by your worship.
You were hungry.

You visited 1 branch

Inventory:

Hand Weapons
 u - a +1 broad axe of freezing (weapon)
Armour
 a - a +0 cloak (worn)
 c - a +0 shield (worn)
 r - a +3 chain mail (worn)
Jewellery
 b - a +3 ring of protection (left hand)
 s - a +3 ring of intelligence (right hand)
Scrolls
 m - 3 scrolls of remove curse
 n - 5 scrolls of amnesia
 o - a scroll of summoning
Potions
 e - 7 potions of curing
 g - 3 potions of heal wounds
 i - 3 potions of magic
 j - 2 potions of berserk rage
 l - a potion of invisibility
 t - a potion of brilliance
Comestibles
 f - 8 bread rations
 p - 40 fruits
 q - 7 meat rations


   Skills:
 + Level 14.5 Fighting
 + Level 15.5 Axes
 + Level 13.5 Armour
 + Level 13.5 Shields
 + Level 15.1 Invocations


You had 10 spell levels left.
You didn't know any spells.

Dungeon Overview and Level Annotations

Branches:
Dungeon (1/1)

Altars:
Ashenzari
Cheibriados
Dithmenos
Elyvilon
Fedhas
Gozag
Hepliaklqana
Kikubaaqudgha
Makhleb
Nemelex Xobeh
Okawaru
Qazlal
Ru
Sif Muna
Trog
Uskayaw
Vehumet
Wu Jian
Xom
Yredelemnul
Zin
The Shining One
Beogh
Jiyva
Lugonu


Message History

* * * LOW HITPOINT WARNING * * *
The merfolk hits you with a trident!
* * * LOW HITPOINT WARNING * * *
The ice devil hits you but does no damage.
The basilisk gazes at you. You resist with some effort.
The merfolk hits you with a trident.
* * * LOW HITPOINT WARNING * * *
The ice devil hits you!
* * * LOW HITPOINT WARNING * * *
The ice devil freezes you!
* * * LOW HITPOINT WARNING * * *
The basilisk gazes at you. The merfolk hits you with a trident!
* * * LOW HITPOINT WARNING * * *
The ice devil hits you but does no damage.
The basilisk gazes at you. You resist with some effort.
The merfolk hits you but does no damage.
The ice devil hits you!
You die...

#### ########### ####
..#...+....###...# #
###...# #...#...# ..
#.'...+. #.....#### ..#
..##+##..##...##..##..#
.##...##..+...#........
.#.....#..#...#)4).#..#.
.+.....'..'..(((@m..†...
.#.....#..#...#.l).#..#.
.##...##..'...#........
..##'##..##)).##..##..#
#.'†..+.##.)...#### ..#
###...###)).#...# ..
..#..))))(.###...# #
############ ####


You could see a merfolk, an ice devil and a basilisk.

Vanquished Creatures
  A shadow dragon (D)
  A deep elf knight (D)
  An orc knight (D)
  A phantasmal warrior (D)
  3 deep elf magi (D)
  An ugly thing (D)
  2 manticores (D)
  A merfolk siren (D)
  2 gargoyles (D)
  An ice devil (D)
  A tarantella (D)
  A wraith (D)
  A wyvern (D)
  A steam dragon (D)
  A warg (D)
  A floating eye (D)
  2 water moccasins (D)
  An orc warrior (D)
  A swamp drake (D)
  A sky beast (D)
  3 necrophages (D)
  A black bear (D)
  2 wolves (D)
  A crocodile (D)
  A centaur (D)
  A scorpion (D)
  A worker ant (D)
  A hell rat (D)
  A gnoll (D)
  An adder (D)
  2 river rats (D)
  An ooze (D)
  A bat zombie (D)
  A giant cockroach (D)
  A hobgoblin (D)
  4 jackals (D)
  A kobold (D)
  A quokka (D)
  5 ball pythons (D)
  A bat (D)
56 creatures vanquished.

Vanquished Creatures (collateral kills)
  A hornet (D)
  A centaur (D)
  A crocodile (D)
3 creatures vanquished.

Vanquished Creatures (others)
  An orc knight (D)
  An orc warrior (D)
  A guardian mummy (D)
  2 orc wizards (D)
  6 orcs (D)
11 creatures vanquished.

Grand Total: 70 creatures vanquished

Notes
Turn   | Place    | Note
-------+----------+-------------------------------------------
     0 | D        | potatolord6000 the Hill Orc Fighter began the quest for the Orb.
     0 | D        | Reached XP level 1. HP: 19/19 MP: 1/1
    44 | D        | Found a bloodstained altar of Trog.
    44 | D        | Found a deep blue altar of Sif Muna.
    44 | D        | Found a viscous altar of Jiyva.
    44 | D        | Found a hazy altar of Hepliaklqana.
    44 | D        | Found an opulent altar of Gozag.
    45 | D        | Found a glowing golden altar of the Shining One.
    45 | D        | Found a glowing silver altar of Zin.
    45 | D        | Found a basalt altar of Yredelemnul.
    45 | D        | Found a shimmering altar of Xom.
    45 | D        | Found an ornate altar of the Wu Jian Council.
    45 | D        | Found a sacrificial altar of Ru.
    45 | D        | Found a stormy altar of Qazlal.
    45 | D        | Found an iron altar of Okawaru.
    45 | D        | Found a sparkling altar of Nemelex Xobeh.
    45 | D        | Found a burning altar of Makhleb.
    45 | D        | Found a blossoming altar of Fedhas.
    45 | D        | Found a white marble altar of Elyvilon.
    45 | D        | Found a shadowy altar of Dithmenos.
    45 | D        | Found a snail-covered altar of Cheibriados.
    47 | D        | Found a radiant altar of Vehumet.
    47 | D        | Found a corrupted altar of Lugonu.
    47 | D        | Found a roughly hewn altar of Beogh.
    49 | D        | Found an ancient bone altar of Kikubaaqudgha.
    49 | D        | Found a hide-covered altar of Uskayaw.
    49 | D        | Found a shattered altar of Ashenzari.
    57 | D        | Became a worshipper of Beogh the Brigand
    76 | D        | Noticed a floating eye
    82 | D        | Killed a floating eye
    82 | D        | Reached skill level 5 in Axes
    82 | D        | Reached skill level 5 in Armour
    82 | D        | Reached skill level 5 in Shields
    82 | D        | Reached XP level 2. HP: 30/30 MP: 1/5
    82 | D        | Reached XP level 3. HP: 37/37 MP: 1/6
    82 | D        | Reached XP level 4. HP: 44/44 MP: 1/7
   147 | D        | Reached * piety under Beogh
   147 | D        | Reached skill level 5 in Invocations
   157 | D        | Reached ** piety under Beogh
   157 | D        | Reached XP level 5. HP: 50/50 MP: 8/8
   161 | D        | Reached *** piety under Beogh
   271 | D        | Noticed a necrophage
   284 | D        | Noticed a wolf
   286 | D        | Killed a necrophage
   286 | D        | Reached XP level 6. HP: 51/59 MP: 8/10
   287 | D        | Noticed a black bear
   295 | D        | Killed a black bear
   299 | D        | Reached **** piety under Beogh
   305 | D        | Reached XP level 7. HP: 59/68 MP: 10/13
   375 | D        | Reached ***** piety under Beogh
   378 | D        | Noticed a warg
   406 | D        | Killed a warg
   406 | D        | Reached skill level 10 in Axes
   565 | D        | Noticed a gargoyle
   566 | D        | Killed a gargoyle
   566 | D        | Reached skill level 10 in Fighting
   566 | D        | Reached skill level 10 in Invocations
   566 | D        | Reached XP level 8. HP: 78/78 MP: 15/15
   717 | D        | Noticed a phantasmal warrior
   722 | D        | HP: 3/79 [phantasmal warrior (13)]
   735 | D        | Killed a phantasmal warrior
   735 | D        | Reached ****** piety under Beogh
   735 | D        | Reached skill level 10 in Armour
   735 | D        | Reached skill level 10 in Shields
   735 | D        | Reached XP level 9. HP: 56/89 MP: 15/17
   739 | D        | Noticed an ice devil
   747 | D        | Killed an ice devil
   756 | D        | Noticed a manticore
   763 | D        | Killed a manticore
   818 | D        | Noticed a deep elf knight
   818 | D        | Noticed a deep elf mage
   820 | D        | Noticed a deep elf mage
   821 | D        | Noticed a deep elf mage
   822 | D        | Noticed a merfolk siren
   823 | D        | Noticed a manticore
   827 | D        | Killed a deep elf mage
   829 | D        | Killed a deep elf mage
   829 | D        | Reached XP level 10. HP: 82/99 MP: 9/19
   831 | D        | Killed a deep elf knight
   837 | D        | Noticed a brown ugly thing
   839 | D        | Noticed an orc knight
   855 | D        | Killed a manticore
   861 | D        | Killed a merfolk siren
   864 | D        | Killed a purple ugly thing
   875 | D        | Killed an orc knight
   885 | D        | Killed a deep elf mage
   907 | D        | Noticed a shadow dragon
   918 | D        | Killed a shadow dragon
   918 | D        | Reached skill level 15 in Axes
   918 | D        | Reached XP level 11. HP: 74/110 MP: 11/22
   925 | D        | Reached skill level 15 in Invocations
   969 | D        | HP: 3/111 [merfolk/trident (6)]
   970 | D        | Slain by an ice devil

Vault maps used:
D:        pitsprint

Skill      XL: |  1  2  3  4  5  6  7  8  9 10 11 |
---------------+----------------------------------+-----
Axes           | 5 6 7 9 10 11 13 15 | 15.5
Fighting       | 6 7 8 10 11 12 14 | 14.5
Armour         | 5 6 7 9 10 11 13 | 13.5
Shields        | 5 6 7 9 10 11 13 | 13.5
Invocations    | 4 5 6 8 10 11 12 14 15 | 15.1

Action                   |  1- 3 |  4- 6 |  7- 9 | 10-12 || total
-------------------------+-------+-------+-------+-------++-------
Melee: War axe           |     7 |    49 |    55 |       ||   111
       Broad axe         |       |       |    50 |    63 ||   113
Invok: Smiting           |       |       |     5 |    10 ||    15
       Resurrection      |       |       |       |     1 ||     1
  Use: Potion            |       |       |     6 |     9 ||    15
       Scroll            |       |       |     1 |       ||     1
 Stab: Invisible         |       |       |       |     6 ||     6
Armor: Scale mail        |     2 |     5 |       |       ||     7
       Chain mail        |       |    13 |    48 |    51 ||   112
Dodge: Dodged            |     1 |     9 |    24 |    18 ||    52
Block: Shield            |     1 |    31 |    61 |    56 ||   149

Table legend:
 A = Spawn XP
 B = Non-spawn XP
 C = Spawn XP percentage of total XP
 D = Spawn monster count
 E = Non-spawn monster count
 F = Spawn count percentage of total count
 G = Total turns spent on level
                    A         B        C        D         E        F      G
               +---------+---------+-------+---------+---------+-------+---------
         Total |       0 |   12221 |   0.0 |       0 |      60 |   0.0 |   970
               +---------+---------+-------+---------+---------+-------+---------
             D |       0 |   12221 |   0.0 |       0 |      60 |   0.0 |   970
               +---------+---------+-------+---------+---------+-------+---------
